 Dungeon Crawl Stone Soup version 0.15.2 (webtiles) character file.

13076 Miyamura the Covert (level 11, -6/56 HPs)
             Began as a Spriggan Enchanter on Dec 10, 2014.
             Was a Priest of Nemelex Xobeh.
             Killed from afar by an ice statue (12 damage)
             ... with a shard of ice
             ... in an ice cave.
             The game lasted 01:26:26 (17292 turns).

Miyamura the Covert (Spriggan Enchanter)           Turns: 17292, Time: 01:26:30

HP  -6/56        AC  5     Str  6      XL: 11   Next: 70%
MP   0/31        EV 27     Int 26      God: Nemelex Xobeh [***...]
Gold 626         SH  0     Dex 20      Spells:  5 memorised, 11 levels left

rFire  . . .     SeeInvis +     (no weapon)
rCold  . . .     Clarity  .     b - +1 robe
rNeg   + . .     rCorr    .     (shield restricted)
rPois  .         rRot     .     (helmet restricted)
rElec  +         Spirit   +     l - +1 cloak (curse)
SustAb .         Warding  .     (gloves unavailable)
rMut   .         Stasis   .     (boots unavailable)
Gourm  .                        P - amulet "Nyigeschue" {Spirit Contam rElec rN+ MR+ Str+2}
MR     ++...                    f - +6 ring of intelligence
                                J - +3 ring of dexterity

@: very slightly contaminated, very quick, very resistant to hostile
enchantments, very stealthy
A: unfitting armour, see invisible, herbivore 3, speed 3, slow metabolism 2
a: Draw One, Peek at Two, Triple Draw, Renounce Religion


You were in an ice cave.
You worshipped Nemelex Xobeh.
Nemelex Xobeh was most pleased with you.
You were not hungry.

You visited 2 branches of the dungeon, and saw 13 of its levels.
You also visited: Sewer, Ossuary and Ice Cave.

You collected 754 gold pieces.
You spent 128 gold pieces at shops.

Inventory:

Hand weapons
 a - a +2 dagger of venom
 E - a +2 dagger of draining
Missiles
 v - 14 poisoned arrows
Armour
 b - a +1 robe (worn)
 l - a cursed +1 cloak (worn)
 G - the +1 buckler "Nim Isim" {rElec Slay-1 SInv}
   (You found it in an ice cave)

   It affects your accuracy and damage with ranged weapons and melee attacks
   (-1).
   It insulates you from electricity.
   It enhances your eyesight.
 H - the +3 robe of Folly {Archmagi, MR-- Int+5 Curse}
   (You acquired it on level 9 of the Dungeon)

   It affects your intelligence (+5).
   It affects your resistance to hostile enchantments.
   It may recurse itself when equipped.
Magical devices
 g - a wand of teleportation (6)
 x - a wand of disintegration (2)
 L - a wand of cold (10)
 T - a wand of digging (6)
Comestibles
 m - 6 bread rations
 R - 2 fruits
Scrolls
 i - a scroll of enchant weapon
 w - 3 scrolls of teleportation
 C - a scroll of vulnerability
 D - 5 scrolls of remove curse
 Q - a scroll of identify
Jewellery
 f - a +6 ring of intelligence (right hand)
 J - a +3 ring of dexterity (left hand)
 P - the amulet "Nyigeschue" (around neck) {Spirit Contam rElec rN+ MR+ Str+2}
   (You found it on level 11 of the Dungeon)

   [amulet of guardian spirit]

   It causes incoming damage to be split between your health and magic.
   It affects your strength (+2).
   It insulates you from electricity.
   It protects you from negative energy.
   It affects your resistance to hostile enchantments.
   It causes magical contamination when unequipped.
Potions
 e - 10 potions of curing
 h - a potion of magic
 j - 2 potions of restore abilities
 k - 3 potions of haste
 o - 2 potions of brilliance
 p - 4 potions of heal wounds
 q - a potion of berserk rage
 r - a potion of flight {unknown}
 t - a potion of might {unknown}
 u - a potion of resistance {unknown}
 z - 2 potions of agility
 A - a potion of invisibility
 B - a potion of confusion {unknown}
 O - a potion of cure mutation
Books
 c - a book of Maledictions

   Spells                             Type                      Level
   Corona                             Hexes                        1
   Sure Blade                         Hexes/Charms                 2
   *Ensorcelled Hibernation           Hexes/Ice                    2
   *Confuse                           Hexes                        3
   Dazzling Spray                     Conjuration/Hexes            3
   Enslavement                        Hexes                        4
 s - a book of Geomancy

   Spells                             Type                      Level
   Sandblast                          Earth                        1
   *Stoneskin                         Transmutation/Earth          2
   Passwall                           Transmutation/Earth          3
   Stone Arrow                        Conjuration/Earth            3
   *Petrify                           Transmutation/Earth          4
   *Lee's Rapid Deconstruction        Earth                        5
 M - a book of Death

   Spells                             Type                      Level
   Corpse Rot                         Necromancy                   2
   Sublimation of Blood               Necromancy                   2
   Agony                              Necromancy                   5
   Dispel Undead                      Necromancy                   5
   Excruciating Wounds                Charms/Necromancy            5
   Bolt of Draining                   Conjuration/Necromancy       5
Miscellaneous
 d - a plain deck of escape
 F - an ornate deck of escape


   Skills:
 + Level 5.5 Fighting
 + Level 7.1 Short Blades
 + Level 10.0 Dodging
 + Level 11.7 Stealth
 + Level 2.7 Shields
 + Level 8.6 Spellcasting
 + Level 9.1 Hexes
 + Level 5.1 Transmutations
 + Level 3.4 Earth Magic
 + Level 8.3 Evocations


You had 11 spell levels left.
You knew the following spells:

 Your Spells              Type           Power        Failure   Level  Hunger
a - Stoneskin             Trmt/Erth      ####....     1%          2    None
b - Ensorcelled Hibernat  Hex/Ice        ####..       1%          2    None
c - Confuse               Hex            ######..     1%          3    None
d - Petrify               Trmt/Erth      ####....     12%         4    ##.....
e - Lee's Rapid Deconstr  Erth           ####......   38%         5    ####...


Dungeon Overview and Level Annotations

Branches:
Dungeon (12/15)            Temple (1/1) D:4             Orc (0/4) D:11
   Lair (0/8) D:10

Altars:
Ashenzari
Cheibriados
Dithmenos
Elyvilon
Fedhas
Kikubaaqudgha
Makhleb
Nemelex Xobeh
Okawaru
Qazlal
Sif Muna
Trog
Vehumet
Xom
Yredelemnul
Zin
The Shining One

Shops:
D:4 *?!*[   D:7 *

Annotations:
D:2 Jessica
D:3 vonhedlund's ghost, average DrCj
D:6 exclusion: oklob plant IceCv exclusion: ice statue


Innate Abilities, Weirdness & Mutations

You are tiny and cannot use many weapons and most armour.
You have supernaturally acute eyesight.
You are a herbivore.
You cover ground extremely quickly.
You need consume almost no food.


Message History

The deck of cards disappears in a puff of smoke.
You have dealt Venom.
Press: ? - help, Shift-Dir - straight line, f/p - ice statue
Aim: an ice statue (freezing vapour, severely damaged, hasn't noticed you)
The bolt of poison hits the ice statue.
The ice statue is almost destroyed.
Nemelex gives you another card to finish dealing.
You deal a card...
You have dealt Famine.
You are starving!
You feel quite a bit more hungry.
You can no longer deal four cards at a time.
Eat which item? (? for menu, Esc to quit)
The ice statue throws cold at you. The bolt of cold hits you!
* * * LOW HITPOINT WARNING * * *
You continue eating.
The ice statue throws ice at you. The shard of ice hits you!
You die...
Your body glows slightly and disappears.

#####
####...###
##........##
##..........#
##...........#
#.......§..8.#
#........§(..#
#Y∩....≈§§.:.#
#......@§§?..#
#.......8..8.#
##...........#
##..........#
##........##
####...###
#####


You could see an ice statue and an ice beast (fleeing).

Vanquished Creatures
  3 hill giants
  Joseph (D:7)
  An ugly thing (D:11)
  2 centaur skeletons
  2 trolls
  A two-headed ogre (D:6)
  2 wyverns
  A yak (D:11)
  2 deep elf magi
  2 wraiths
  Eustachio (D:4)
  A hill giant zombie (D:10)
  2 hippogriffs
  A deep elf fighter (D:10)
  4 hungry ghosts
  A water moccasin (D:5)
  A black bear (D:9)
  A manticore zombie (D:11)
  16 ice beasts
  4 centaurs
  3 orc warriors
  2 phantoms
  A necrophage (D:11)
  4 ogres
  Sigmund (D:4)
  6 giant frogs
  A gnoll sergeant (D:9)
  A cyclops zombie (D:10)
  11 scorpions
  6 jellies
  A killer bee (D:6)
  12 wights
  4 goliath beetles
  3 centaur zombies
  5 crimson imps (D:7)
  5 hounds
  A giant frog zombie (D:7)
  A human zombie (Ossuary)
  A two-headed ogre zombie (D:11)
  Crazy Yiuf (D:6)
  2 iguanas
  An orc priest (D:11)
  7 orc wizards
  A quasit (D:9)
  8 worker ants
  A big kobold zombie (Ossuary)
  A crocodile skeleton (D:11)
  3 mummies (Ossuary)
  An ogre skeleton (D:4)
  4 scorpion zombies (Ossuary)
  11 gnolls
  18 adders
  3 green rats (D:10)
  A shadow imp (D:7)
  2 orc skeletons
  3 giant mites
  A worm (D:2)
  An iguana skeleton (D:9)
  6 giant geckos
  16 oozes (D:6)
  20 orcs
  26 bats
  A bat skeleton (D:8)
  6 giant cockroaches
  12 goblins
  13 hobgoblins
  10 jackals
  18 kobolds
  2 quokkas
  6 ball pythons
  8 giant newts
  A giant spore (D:7)
  2 gnoll zombies (Ossuary)
  2 hobgoblin skeletons
  A kobold zombie (Ossuary)
  3 orc zombies
  25 rats
  A rat skeleton (D:4)
  A rat zombie (D:8)
  9 ballistomycetes
377 creatures vanquished.

Vanquished Creatures (collateral kills)
  An ice statue (IceCv)
  An item mimic (D:11)
  A merfolk (D:11)
  A two-headed ogre (D:11)
  4 yaks (D:11)
  An ice beast (IceCv)
  A yellow wasp (D:11)
  A giant frog (D:11)
  3 wights (D:11)
  A crimson imp (D:11)
  A human zombie (Ossuary)
  An orc wizard (D:8)
  2 big kobold zombies (Ossuary)
  An orc zombie (Ossuary)
20 creatures vanquished.

Vanquished Creatures (others)
  A player illusion (IceCv)
  2 dancing weapons
  3 insubstantial wisps (D:11)
  2 orcs (D:9)
  A giant spore (D:6)
  4 fungi (D:6)
13 creatures vanquished.

Grand Total: 410 creatures vanquished

Notes
Turn   | Place    | Note
--------------------------------------------------------------
     0 | D:1      | Miyamura, the Spriggan Enchanter, began the quest for the Orb.
     0 | D:1      | Reached XP level 1. HP: 9/9 MP: 4/4
   932 | D:1      | Reached XP level 2. HP: 11/13 MP: 5/7
   938 | D:1      | Learned a level 2 spell: Ensorcelled Hibernation
  1574 | D:2      | Reached skill level 5 in Stealth
  1951 | D:1      | Reached XP level 3. HP: 14/17 MP: 0/11
  2537 | D:2      | Learned a level 3 spell: Confuse
  2564 | D:2      | Noticed Jessica
  2698 | D:1      | Reached XP level 4. HP: 7/21 MP: 7/13
  3361 | D:2      | Found a deep blue altar of Sif Muna.
  3361 | D:2      | Found a basalt altar of Yredelemnul.
  3722 | D:3      | Noticed vonhedlund's ghost (average DrCj)
  3901 | D:3      | Reached skill level 1 in Fighting
  3961 | D:3      | Reached XP level 5. HP: 25/25 MP: 16/16
  4664 | D:4      | Found Witzioh's Antique Armour Boutique.
  4681 | D:4      | Noticed Eustachio
  4689 | D:4      | Killed Eustachio
  4689 | D:4      | Reached skill level 6 in Stealth
  4689 | D:4      | Reached XP level 6. HP: 30/30 MP: 15/20
  4692 | D:4      | Found a staircase to the Ecumenical Temple.
  4698 | D:4      | Noticed an ogre
  4710 | Temple   | Entered the Ecumenical Temple
  4886 | Temple   | Became a worshipper of Nemelex Xobeh the Trickster
  4911 | D:4      | Killed an ogre
  4998 | D:4      | Found Koipegal's General Store.
  5001 | D:4      | Bought 3 fruits for 63 gold pieces
  5057 | D:4      | Received a gift from Nemelex Xobeh
  5107 | D:4      | Noticed Sigmund
  5200 | D:4      | Killed Sigmund
  5200 | D:4      | Reached skill level 5 in Hexes
  5200 | D:4      | Reached XP level 7. HP: 34/34 MP: 14/21
  5269 | D:4      | Found Jaih's General Store.
  5398 | D:4      | Found Xown's Magic Scroll Emporium.
  5426 | D:4      | Reached skill level 5 in Dodging
  5595 | D:4      | Found Ihyxuhaq's Distillery.
  5695 | D:4      | Bought a potion of poison for 13 gold pieces
  5695 | D:4      | Bought a potion of degeneration for 26 gold pieces
  5695 | D:4      | Bought a potion of lignification for 26 gold pieces
  5780 | D:4      | Noticed a centaur
  5784 | D:4      | Killed a centaur
  5784 | D:4      | Reached skill level 7 in Stealth
  6040 | D:4      | Found a snail-covered altar of Cheibriados.
  6086 | D:5      | Entered Level 5 of the Dungeon
  6314 | D:5      | Received a gift from Nemelex Xobeh
  6407 | D:5      | Acquired Nemelex Xobeh's first power
  6413 | D:5      | Noticed a polar bear
  6624 | D:5      | Reached skill level 1 in Evocations
  7223 | D:6      | Found a glowing drain.
  7275 | Sewer    | Entered a sewer
  7422 | Sewer    | Reached skill level 5 in Spellcasting
  7899 | D:6      | Found a sand-covered staircase.
  7902 | D:6      | Noticed a two-headed ogre
  7908 | Ossuary  | Entered an ossuary
  8041 | Ossuary  | Acquired Nemelex Xobeh's second power
  8068 | Ossuary  | Reached XP level 8. HP: 32/39 MP: 15/24
  8333 | Ossuary  | Reached skill level 8 in Stealth
  9083 | D:6      | Noticed Crazy Yiuf
  9087 | D:6      | Killed Crazy Yiuf
  9208 | D:6      | Killed a two-headed ogre
  9272 | D:6      | Reached XP level 9. HP: 44/44 MP: 23/27
  9332 | D:6      | Noticed an oklob plant
  9404 | D:6      | Found a shadowy altar of Dithmenos.
  9420 | D:6      | Found a glowing silver altar of Zin.
  9425 | D:6      | Found a burning altar of Makhleb.
  9634 | D:6      | Reached skill level 9 in Stealth
 10389 | D:6      | Reached skill level 5 in Short Blades
 10535 | D:7      | Noticed a skeletal warrior
 10548 | D:7      | Reached skill level 5 in Evocations
 11132 | D:8      | Acquired Nemelex Xobeh's third power
 11231 | D:8      | Found a shimmering altar of Xom.
 11368 | D:8      | Reached skill level 10 in Stealth
 12029 | D:7      | Found a blossoming altar of Fedhas.
 12276 | D:7      | Reached XP level 10. HP: 44/51 MP: 22/29
 12324 | D:7      | Found a stormy altar of Qazlal.
 12611 | D:7      | Learned a level 2 spell: Stoneskin
 12616 | D:7      | Learned a level 4 spell: Petrify
 12622 | D:7      | Learned a level 5 spell: Lee's Rapid Deconstruction
 12656 | D:7      | Found Ilafur's General Store.
 12670 | D:7      | Noticed Joseph
 12690 | D:7      | Killed Joseph
 12765 | D:7      | Received a gift from Nemelex Xobeh
 12782 | D:7      | Reached skill level 1 in Transmutations
 13027 | D:7      | Reached skill level 1 in Earth Magic
 13737 | D:9      | Identified a scroll of acquirement
 13766 | D:9      | Gained mutation: You have large cloven feet. [potion of mutation]
 13766 | D:9      | Gained mutation: Your magical capacity is low (-10% MP). [potion of mutation]
 13767 | D:9      | Gained mutation: You are agile. (Dex +2) [potion of mutation]
 13767 | D:9      | Gained mutation: You are very agile. (Dex +4) [potion of mutation]
 13767 | D:9      | Gained mutation: Your mind is acute. (Int +2) [potion of mutation]
 13768 | D:9      | Gained mutation: Armour fits poorly on your strangely shaped body. [potion of mutation]
 13768 | D:9      | Gained mutation: You are frail (-10% HP). [potion of mutation]
 13769 | D:9      | Lost mutation: You are very agile. (Dex +4) [potion of cure mutation]
 13769 | D:9      | Lost mutation: You are agile. (Dex +2) [potion of cure mutation]
 13769 | D:9      | Lost mutation: Your magical capacity is low (-10% MP). [potion of cure mutation]
 13769 | D:9      | Lost mutation: Your mind is acute. (Int +2) [potion of cure mutation]
 13769 | D:9      | Lost mutation: Armour fits poorly on your strangely shaped body. [potion of cure mutation]
 13770 | D:9      | Lost mutation: You are frail (-10% HP). [potion of cure mutation]
 13770 | D:9      | Lost mutation: You have large cloven feet. [potion of cure mutation]
 14696 | D:9      | Received a gift from Nemelex Xobeh
 14775 | D:10     | Entered Level 10 of the Dungeon
 14786 | D:10     | Reached skill level 1 in Shields
 14934 | D:10     | Found a staircase to the Lair.
 14993 | D:10     | Acquired Nemelex Xobeh's fourth power
 15158 | D:10     | Received a gift from Nemelex Xobeh
 15202 | D:10     | Noticed a hill giant
 15204 | D:10     | Killed a hill giant
 15439 | D:10     | Reached skill level 5 in Fighting
 15565 | D:11     | Reached skill level 11 in Stealth
 15565 | D:11     | Reached XP level 11. HP: 55/55 MP: 28/31
 15574 | D:11     | Noticed a green ugly thing
 15585 | D:11     | Killed a green ugly thing
 15673 | D:11     | Got a brightly glowing silver amulet
 15778 | D:11     | Received a gift from Nemelex Xobeh
 15781 | D:11     | Identified the amulet "Nyigeschue" {Spirit Contam rElec rN+ MR+ Str+2} (You found it on level 11 of the Dungeon)
 15941 | D:11     | Noticed a hill giant
 15966 | D:11     | Killed a hill giant
 16204 | D:11     | Found a staircase to the Orcish Mines.
 16210 | D:11     | Noticed a hill giant
 16231 | D:11     | Killed a hill giant
 17178 | D:12     | Found a frozen archway.
 17198 | D:12     | Reached skill level 5 in Transmutations
 17200 | IceCv    | Entered an ice cave
 17200 | IceCv    | Received a gift from Nemelex Xobeh
 17200 | IceCv    | Acquired Nemelex Xobeh's fifth power
 17212 | IceCv    | Reached skill level 10 in Dodging
 17234 | IceCv    | Got a warped buckler
 17240 | IceCv    | Identified the +1 buckler "Nim Isim" {rElec Slay-1 SInv} (You found it in an ice cave)
 17251 | IceCv    | Received a gift from Nemelex Xobeh
 17251 | IceCv    | Noticed an ice statue
 17251 | IceCv    | Noticed an ice statue
 17262 | IceCv    | Your ally Miyamura died
 17264 | IceCv    | Killed an ice statue
 17292 | IceCv    | Killed from afar by an ice statue

Action                   |  1- 3 |  4- 6 |  7- 9 | 10-12 || total
-------------------------+-------+-------+-------+-------++-------
Melee: Dagger            |    83 |   116 |   694 |   488 ||  1381
       Unarmed           |       |       |     2 |    27 ||    29
 Cast: Corona            |     6 |       |       |       ||     6
       Ensorcelled Hiber |    36 |     5 |    29 |    16 ||    86
       Confuse           |     1 |    34 |   128 |    71 ||   234
       Stoneskin         |       |       |       |     2 ||     2
Invok: Draw One          |       |       |    13 |    10 ||    23
       Deal Four         |       |       |       |     3 ||     3
Evoke: Deck              |       |       |     3 |       ||     3
       Wand              |       |       |     4 |     5 ||     9
  Use: Scroll            |     3 |     9 |    13 |     8 ||    33
       Potion            |       |     1 |     2 |     7 ||    10
 Stab: Sleeping          |    20 |    13 |    43 |    39 ||   115
       Confused          |       |    15 |    58 |    47 ||   120
       Distracted        |       |       |       |     1 ||     1
       Invisible         |       |       |       |     1 ||     1
  Eat: Fruit             |       |       |     3 |       ||     3
       Bread ration      |       |       |     1 |     2 ||     3
       Pizza             |       |       |     3 |       ||     3
       Royal jelly       |       |       |     1 |       ||     1
